 Dungeon Crawl Stone Soup version 0.32-a0-42-ga30500b4d3 (webtiles) character file.

Game seed: 12558902990396314032

21905 cforsyth the Warrior (level 13, -17/108 HPs)
             Began as a Djinni Hedge Wizard on Feb 1, 2024.
             Was an Initiate of Gozag.
             Demolished by a vampire knight
             ... wielding a +0 great mace
              (41 damage)
             ... while paralysed by a vampire knight
             ... on level 12 of the Dungeon.
             The game lasted 00:41:43 (20691 turns).

cforsyth the Warrior (Djinni Hedge Wizard)         Turns: 20691, Time: 00:41:44

Health: -17/108    AC:  5    Str:  9    XL:     13   Next: 23%
Gold:   3012       EV:  2    Int: 26    God:    Gozag SH:  0 Dex: 20

rFire   + + .        e - +4 morningstar (freeze)
rCold   . . .        y - orb {light}
rNeg    . . .        z - +0 robe {rC+}
rPois   ∞            F - +0 helmet
rElec   .            (no cloak)
rCorr   .            I - +1 pair of gloves
SInv    .            (boots unavailable)
Will    +....        (no amulet)
Stlth   +            p - +6 ring of dexterity
HPRegen 0.38/turn    B - +6 ring of intelligence
MPRegen 0.00/turn

%: infuse magic (-18 HP)
@: paralysed, radiating poison, gold aura, flying, glowing
A: sickness immunity, fire resistance 2, cold vulnerability 1, float, innate
caster, HP casting, extra vitality 1
a: Renounce Religion, Potion Petition, Call Merchant, Bribe Branch


You were on level 12 of the Dungeon.
You worshipped Gozag.
Gozag was most pleased with you.
You visited 2 branches of the dungeon, and saw 13 of its levels.
You also visited: Bailey.

You collected 3156 gold pieces.
You paid 144 gold pieces to Gozag.

Inventory:

Hand Weapons
 e - a +4 morningstar of freezing (weapon)
Missiles
 G - 3 throwing nets
Armour
 y - an orb of light (worn)
 z - a +0 robe of cold resistance (worn)
 F - a +0 helmet (worn)
 I - a +1 pair of gloves (worn)
Jewellery
 p - a +6 ring of dexterity (left hand)
 B - a +6 ring of intelligence (right hand)
Wands
 b - a wand of flame (5)
 r - a wand of roots (4)
 s - a wand of polymorph (6)
 v - a wand of quicksilver (2)
 D - a wand of charming (12)
 J - a wand of mindburst (14)
Scrolls
 a - a scroll of torment {unknown}
 d - a scroll of silence {unknown}
 f - 3 scrolls of fear
 i - 4 scrolls of immolation
 j - 2 scrolls of blinking {unknown}
 m - a scroll of vulnerability {unknown}
 n - a scroll of poison
 o - 3 scrolls of revelation
 q - 3 scrolls of teleportation {unknown}
 w - a scroll of enchant armour {unknown}
 A - a scroll of acquirement
 E - a scroll of enchant weapon {unknown}
 H - a scroll of amnesia {unknown}
 K - a scroll of fog {unknown}
Potions
 c - 3 potions of lignification {unknown}
 g - 2 potions of magic {unknown}
 h - 4 potions of haste
 k - 4 potions of brilliance
 l - 4 potions of might {unknown}
 t - 3 potions of curing
 u - 3 potions of cancellation
 x - 2 potions of attraction {unknown}
 C - a potion of enlightenment {unknown}


   Skills:
 + Level 15.2 Fighting
 - Level 2.1 Dodging
 - Level 1.5 Stealth
 + Level 12.0 Spellcasting
 + Level 12.0 Conjurations
 + Level 12.0 Hexes
 + Level 12.0 Summonings
 + Level 12.0 Necromancy
 + Level 12.0 Translocations
 + Level 12.0 Fire Magic
 + Level 12.0 Ice Magic
 + Level 12.0 Air Magic
 + Level 12.0 Earth Magic
 + Level 12.0 Alchemy


You knew the following spells:

 Your Spells              Type           Power      Damage    Failure   Level
a - Magic Dart            Conj           100%       1d8       1%          1
b - Slow                  Hex            100%       N/A       1%          1
c - Blink                 Tloc           100%       N/A       1%          2
d - Call Imp              Summ           100%       N/A       1%          2
e - Mephitic Cloud        Conj/Alch/Air  67%        N/A       1%          3
f - Shock                 Conj/Air       100%       1d9       1%          1
g - Searing Ray           Conj           100%       2d8       1%          2
h - Momentum Strike       Conj/Tloc      100%       3d10      1%          2
i - Olgreb's Toxic Radia  Alch           67%        N/A       1%          4
j - Summon Blazeheart Go  Fire/Summ      67%        N/A       1%          4
k - Silence               Hex/Air        33%        N/A       1%          5
Your spell library was empty.

Dungeon Overview and Level Annotations

Branches:
Dungeon (12/15)            Temple (1/1) D:4            Lair (0/5) D:10
    Orc (0/2) D:10         Bailey (visited)

Altars:
Ashenzari
Cheibriados
Dithmenos
Elyvilon
Fedhas
Gozag
Hepliaklqana
Makhleb
Nemelex Xobeh
Okawaru
Qazlal
Ru
Trog
Uskayaw
Wu Jian
Xom
Yredelemnul
Zin
The Shining One

Shops:
D:6 =

Annotations:
D:8 Gastronok
D:9 2 transporters


Innate Abilities, Weirdness & Mutations

You are immune to sickness and miasma.
You are immune to poison.
Your flesh is very heat resistant. (rF++)
You are vulnerable to cold. (rC-)
You float through the air rather than walking.
You learn spells naturally, not from books.
Your magical power is your life essence.
You have superior vitality. (+4 MHP)


Message History

The vampire knight bites you.
Your blazeheart golem punches the vampire knight.
The vampire knight hits your blazeheart golem with a +0 great mace.
The vampire knight bites your blazeheart golem but does no damage.
The vampire knight hits your blazeheart golem with a +0 great mace!
The vampire knight bites your blazeheart golem.
Your blazeheart golem punches the vampire knight!
Your blazeheart golem falls apart, revealing its core!
Your blazeheart core explodes!
The fiery explosion engulfs the vampire knight.
Casting: Summon Blazeheart Golem (safe; 1% risk of failure)
Confirm with . or Enter, or press ? or * to list all spells.
A fiery spirit appears, bound in slag iron.
The vampire knight is engulfed in blazing flames.
A redback comes into view.
Casting: Summon Blazeheart Golem (safe; 1% risk of failure)
Confirm with . or Enter, or press ? or * to list all spells.
You begin to radiate toxic energy.
The redback is poisoned.
The vampire knight is engulfed in blazing flames.
The vampire knight casts a spell.
The vampire knight seems to speed up.
Your blazeheart golem is engulfed in blazing flames.
Your blazeheart golem punches the vampire knight.
Casting: Olgreb's Toxic Radiance (safe; 1% risk of failure)
Confirm with . or Enter, or press ? or * to list all spells.
Your toxic radiance grows in intensity.
The redback looks even sicker.
Your blazeheart golem's core grows cold and it stops moving.
The vampire knight is engulfed in blazing flames.
The vampire knight hits you with a +0 great mace!!!
* * * LOW HITPOINT WARNING * * *
The vampire knight bites you.
* * * LOW HITPOINT WARNING * * *
The vampire knight is engulfed in blazing flames.
The vampire knight points at you and mumbles some strange words.
You suddenly lose the ability to move!
The redback looks even sicker.
You kill the redback!
The vampire knight hits you with a +0 great mace!!!
You die...
Your body crumbles into a pile of gold.

######..#... #..#...
##..#... #...#...
#...#... ##..#...
##################'#...
###..............##..#...
........@V...............
....$...##9##............
........##.##............
.##.....#...#.....##..)..
##....#...#....####....
##...#...#...## ##...
##..#...#..## ##..
##.#$$.#.## #.. ###$..###
#...


You could see a vampire knight (fast, invisible, ally target) and a friendly
blazeheart golem (summoned, paralysed).

Vanquished Creatures
  Harold (D:9)
  Erolcha (D:9)
  3 two-headed ogres
  2 boulder beetles (D:12)
  Lodul (D:10)
  Pikel (D:9)
  2 ugly things
  A cyclops (D:12)
  A wolf spider (D:12)
  A gargoyle (D:11)
  3 kobold demonologists
  3 guardian mummies (D:12)
  A hornet (D:11)
  A vampire (D:12)
  A wraith (D:8)
  38 yaks
  A steam dragon (D:10)
  A redback (D:12)
  An acid dragon (D:10)
  A water moccasin (D:7)
  2 ice beasts
  15 orc warriors
  2 black bears
  9 ogres
  A lemure (D:9)
  4 centaurs
  3 kobold brigands
  3 bullfrogs
  A gnoll sergeant (D:7)
  2 scorpions
  19 wights
  8 killer bees
  3 electric eels (Bailey)
  8 howler monkeys
  5 jellies
  2 hounds (D:5)
  A bombardier beetle (D:5)
  11 orc priests
  2 sleepcaps (D:6)
  6 iguanas
  Ijyb (D:3)
  12 orc wizards
  3 mummies (D:12)
  16 gnolls
  2 adders
  2 white imps
  4 ufetubi
  5 dart slugs
  A ribbon worm (D:2)
  63 orcs
  7 endoplasms
  7 giant cockroaches
  15 goblins
  14 hobgoblins
  7 jackals (D:4)
  23 kobolds
  4 quokkas
  6 ball pythons
  4 bats
  A frilled lizard (D:2)
  6 rats
375 creatures vanquished.

Vanquished Creatures (collateral kills)
  A guardian mummy (D:12)
  An ice beast (D:6)
  2 wights
  A bombardier beetle (D:3)
  An iguana (D:6)
  A mummy (D:12)
  A gnoll (D:4)
  3 endoplasms
11 creatures vanquished.

Vanquished Creatures (others)
  A kobold (D:8)
  17 blazeheart cores
18 creatures vanquished.

Grand Total: 404 creatures vanquished

Notes
Turn   | Place    | Note
-------+----------+-------------------------------------------
     0 | D:1      | cforsyth the Djinni Hedge Wizard began the quest for the
                  | Orb.
     0 | D:1      | cforsyth set off with the following spells memorised: Magic
                  | Dart, Slow, Blink, Call Imp, Mephitic Cloud.
     0 | D:1      | Reached XP level 1. HP: 15/15 MP: 0/0
   114 | D:1      | Reached XP level 2. HP: 20/22 MP: 0/0
   217 | D:1      | Reached skill level 1 in Fighting
   350 | D:1      | Reached XP level 3. HP: 20/27 MP: 0/0
   350 | D:1      | Learned a level 1 spell: Shock
   774 | D:2      | Found a faded altar of an unknown god.
   866 | D:2      | Reached skill level 2 in Fighting
  1196 | D:2      | Reached XP level 4. HP: 29/33 MP: 0/0
  2015 | D:3      | Noticed Ijyb
  2225 | D:3      | Identified the +8 spear of the Hurling Ass {holy, Int+3
                  | SInv}
  2311 | D:3      | Reached skill level 3 in Fighting
  2311 | D:3      | Reached XP level 5. HP: 9/40 MP: 0/0
  2311 | D:3      | Learned a level 2 spell: Searing Ray
  2430 | D:3      | Killed Ijyb
  2819 | D:3      | Reached XP level 6. HP: 23/47 MP: 0/0
  3462 | D:4      | Reached skill level 4 in Fighting
  3717 | D:4      | Found a staircase to the Ecumenical Temple.
  3734 | Temple   | Entered the Ecumenical Temple
  4044 | D:4      | Reached XP level 7. HP: 22/53 MP: 0/0
  4044 | D:4      | Learned a level 2 spell: Momentum Strike
  4740 | D:5      | Entered Level 5 of the Dungeon
  5038 | D:5      | Reached skill level 5 in Fighting
  5090 | D:5      | Reached skill level 5 in Spellcasting
  5090 | D:5      | Reached skill level 5 in Conjurations
  5090 | D:5      | Reached skill level 5 in Hexes
  5090 | D:5      | Reached skill level 5 in Summonings
  5090 | D:5      | Reached skill level 5 in Necromancy
  5090 | D:5      | Reached skill level 5 in Translocations
  5090 | D:5      | Reached skill level 5 in Fire Magic
  5090 | D:5      | Reached skill level 5 in Ice Magic
  5090 | D:5      | Reached skill level 5 in Air Magic
  5090 | D:5      | Reached skill level 5 in Earth Magic
  5090 | D:5      | Reached skill level 5 in Alchemy
  5831 | D:5      | Reached XP level 8. HP: 43/61 MP: 0/0
  6454 | D:5      | Reached skill level 6 in Fighting
  7730 | D:5      | Reached skill level 7 in Fighting
  8435 | D:6      | Reached XP level 9. HP: 48/68 MP: 0/0
  8435 | D:6      | Learned a level 4 spell: Olgreb's Toxic Radiance
  8910 | D:6      | Reached skill level 8 in Fighting
  8947 | D:6      | Found Lasul's One-of-a-Kind Rings.
  8976 | D:6      | Found a broken altar of Ashenzari.
  8983 | D:6      | Noticed a cyan ugly thing
  9023 | D:6      | Killed a cyan ugly thing
  9658 | D:7      | Reached skill level 9 in Fighting
 10306 | D:7      | Found an opulent altar of Gozag.
 10320 | D:7      | Became a worshipper of Gozag Ym Sagoz the Greedy
 10409 | D:7      | Reached XP level 10. HP: 76/78 MP: 0/0
 11701 | D:7      | Reached skill level 10 in Fighting
 12088 | D:8      | Noticed Gastronok
 13929 | D:9      | Noticed Erolcha
 13933 | D:9      | Reached skill level 11 in Fighting
 13937 | D:9      | Killed Erolcha
 13938 | D:9      | Reached XP level 11. HP: 11/87 MP: 0/0
 13938 | D:9      | Learned a level 4 spell: Summon Blazeheart Golem
 13943 | D:9      | Noticed Harold
 13949 | D:9      | Killed Harold
 14039 | D:9      | Found a flagged portal.
 14047 | Bailey   | Entered a bailey
 14758 | Bailey   | Reached skill level 12 in Fighting
 15142 | Bailey   | Found an iron altar of Okawaru.
 15185 | Bailey   | Identified the +9 plate armour of Intuition {Dex+4}
 15244 | D:9      | Noticed Pikel
 15300 | D:9      | Reached skill level 10 in Spellcasting
 15300 | D:9      | Reached skill level 10 in Conjurations
 15300 | D:9      | Reached skill level 10 in Hexes
 15300 | D:9      | Reached skill level 10 in Summonings
 15300 | D:9      | Reached skill level 10 in Necromancy
 15300 | D:9      | Reached skill level 10 in Translocations
 15300 | D:9      | Reached skill level 10 in Fire Magic
 15300 | D:9      | Reached skill level 10 in Ice Magic
 15300 | D:9      | Reached skill level 10 in Air Magic
 15300 | D:9      | Reached skill level 10 in Earth Magic
 15300 | D:9      | Reached skill level 10 in Alchemy
 15303 | D:9      | Killed Pikel
 16002 | D:9      | Found a transporter.
 16004 | D:9      | Found a transporter.
 16005 | D:9      | Noticed a boulder beetle
 16091 | D:9      | Found a glowing golden altar of the Shining One.
 16872 | D:10     | Entered Level 10 of the Dungeon
 16887 | D:10     | Reached skill level 13 in Fighting
 16888 | D:10     | Reached XP level 12. HP: 85/98 MP: 0/0
 17127 | D:10     | Found a staircase to the Orcish Mines.
 17129 | D:10     | Noticed a two-headed ogre
 17153 | D:10     | Killed a two-headed ogre
 17360 | D:10     | Found a staircase to the Lair.
 17549 | D:10     | Noticed a two-headed ogre
 17556 | D:10     | Killed a two-headed ogre
 18123 | D:10     | Noticed Lodul
 18130 | D:10     | Reached skill level 14 in Fighting
 18138 | D:10     | Killed Lodul
 20035 | D:12     | Noticed a reaper
 20035 | D:12     | Noticed a reaper
 20035 | D:12     | Noticed a reaper
 20035 | D:12     | Noticed a reaper
 20036 | D:12     | Noticed a reaper
 20050 | D:12     | Reached XP level 13. HP: 95/106 MP: 0/0
 20050 | D:12     | Learned a level 5 spell: Silence
 20353 | D:12     | Reached skill level 15 in Fighting
 20674 | D:12     | Noticed a vampire knight
 20680 | D:12     | Paralysed by a vampire knight for 2 turns
 20690 | D:12     | Paralysed by a vampire knight for 3 turns
 20691 | D:12     | Demolished by a vampire knight

Illustrated notes

Levels and vault maps discovered:
D:1:      zelgadis_glass_arrival_small, layout_rooms, minmay_pentomino_s4
D:2:      minmay_skewed_foursquare, layout_basic, ebering_ecumenical_altar_box,
          minmay_fountain_box, minmay_misc_feat_doors,
          chequers_serial_rivers_large_a
D:3:      layout_loops_ring, minmay_misc_feat_square,
          amcnicky_mini_corridor_feature, uniq_ijyb
D:4:      layout_loops_corners, minmay_temple_entry_slanted,
          hangedman_decor_push, eino_tiny_chamber, nicolae_figureground_sparkle
D:5:      minmay_diamond_boxcup, layout_basic, minmay_strange_pillars
D:6:      layout_cave_pools, jmf_multi_god_temple, nicolae_vehumet_radiance,
          nicolae_shop_unique_rings, st_stairs_9, small_statue_intersection,
          amcnicky_mini_pool_small, minmay_pentangle
D:7:      layout_basic, old_standard_altar
D:8:      layout_cave_pods, uniq_gastronok
D:9:      gammafunk_boulding_lane, layout_cave_pools,
          nicolae_tso_swordbearing_angel, enter_bailey_2, uniq_erolcha,
          uniq_pikel, uniq_harold
D:10:     layout_roguey [special_room_orc], lair_entry_dummy, david_orc_3,
          dreamdust_mushroom_princess, uniq_lodul
D:11:     layout_gridville
D:12:     minmay_octo_star, layout_gridville, grunt_ministairs_11,
          minmay_guarded_unrand_curses
Temple:   minmay_temple_bridge_d

Skill      XL: |  1  2  3  4  5  6  7  8  9 10 11 12 13 |
---------------+----------------------------------------+-----
Fighting       | 1 2 3 4 5 7 9 11 13 14 15 | 15.2
Spellcasting   | 4 5 6 7 9 10 11 12 | 12.0
Conjurations   | 4 5 6 7 9 10 11 12 | 12.0
Hexes          | 4 5 6 7 9 10 11 12 | 12.0
Summonings     | 4 5 6 7 9 10 11 12 | 12.0
Necromancy     | 4 5 6 7 9 10 11 12 | 12.0
Translocations | 4 5 6 7 9 10 11 12 | 12.0
Fire Magic     | 4 5 6 7 9 10 11 12 | 12.0
Ice Magic      | 4 5 6 7 9 10 11 12 | 12.0
Air Magic      | 4 5 6 7 9 10 11 12 | 12.0
Earth Magic    | 4 5 6 7 9 10 11 12 | 12.0
Alchemy        | 4 5 6 7 9 10 11 12 | 12.0
Dodging        | |  2.1
Stealth        | |  1.5

Action                     |  1- 3 |  4- 6 |  7- 9 | 10-12 | 13-15 || total
---------------------------+-------+-------+-------+-------+-------++-------
  Melee: Short sword       |       |    21 |     1 |       |       ||    22
         Morningstar       |       |       |       |    16 |       ||    16
   Cast: Magic Dart        |    82 |   195 |   300 |   164 |       ||   741
         Call Imp          |     1 |     4 |    24 |     2 |       ||    31
         Mephitic Cloud    |       |    11 |    17 |    36 |     1 ||    65
         Blink             |       |       |     7 |     4 |       ||    11
         Searing Ray       |       |       |     7 |    15 |       ||    22
         Olgreb's Toxic Ra |       |       |    23 |   137 |    10 ||   170
         Momentum Strike   |       |       |     1 |     4 |       ||     5
         Summon Blazeheart |       |       |       |    15 |    10 ||    25
         Slow              |       |       |       |     1 |       ||     1
  Evoke: Wand              |       |       |     2 |     9 |       ||    11
    Use: Scroll            |       |       |     4 |     8 |       ||    12
         Potion            |       |       |       |     4 |       ||     4
   Stab: Confused          |       |       |       |     5 |       ||     5
 Armour: Robe              |     5 |    22 |    96 |   110 |     9 ||   242
         Skin              |       |    15 |       |       |       ||    15
  Dodge: Dodged            |    11 |    20 |   107 |    74 |     1 ||   213

Table legend: (Time is in decaauts)
 A = Elapsed time spent in this place.
 B = Non-inter-level travel time spent in this place.
 C = Inter-level travel time spent in this place.
 D = Time resting spent in this place.
 E = Time spent auto-exploring this place.
 F = Levels seen in this place.
 G = Mean time per level.
                   A        B        C        D        E       F      G
               +--------+--------+--------+--------+--------+-----+--------+
         Total |  20740 |  20271 |    469 |   3557 |  13196 |  14 | 1481.4 |
       Dungeon |  19557 |  19088 |    469 |   3143 |  12741 |  12 | 1629.8 |
        Temple |      1 |      1 |      0 |      0 |      0 |   1 |    1.0 |
        Bailey |   1181 |   1181 |      0 |    414 |    455 |   1 | 1181.0 |
               +--------+--------+--------+--------+--------+-----+--------+

Top non-repeatable levels by time:
     D:7: 2805 daAuts
     D:5: 2443 daAuts
     D:4: 2245 daAuts
     D:8: 2018 daAuts
     D:6: 1756 daAuts
    D:10: 1573 daAuts
     D:2: 1363 daAuts
     D:3: 1238 daAuts
    D:12: 1206 daAuts
  Bailey: 1181 daAuts
     D:9: 1141 daAuts
    D:11: 1041 daAuts
     D:1: 721 daAuts
  Temple: 1 daAuts
